 Dungeon Crawl Stone Soup version 0.29-a0-472-ge5599a681e (webtiles) character file.

Game seed: 4521439431539172771

281025 Snicker the Imperceptible (level 20, -4/103 (106) HPs)
             Began as a Spriggan Enchanter on May 21, 2022.
             Was an Initiate of Gozag.
             Killed from afar by a tengu reaver (63 damage)
             ... with a bolt of cold
             ... on level 3 of the Vaults on May 22, 2022.
             The game lasted 02:49:01 (62387 turns).

Snicker the Imperceptible (Spriggan Enchanter)     Turns: 62387, Time: 02:49:07

HP:   -4/103 (106)  AC:  9    Str:  2    XL:     20   Next: 7%
MP:   41/41         EV: 31    Int: 29    God:    Gozag
Gold: 2088          SH:  0    Dex: 20    Spells: 3/33 levels left

rFire   . . .      SeeInvis +   a - +5 rapier (venom)
rCold   . . .      Faith    .   (no shield)
rNeg    . . .      Spirit   .   w - +1 robe of Heresy {Int+2 Dex+3 Slay-3 Archmagi}
rPois   +          Reflect  .   y - +3 hat of Pondering {ponderous, Will+ MP+10 Int+5}
rElec   .          Harm     .   k - +2 cloak {Stlth+}
rCorr   .          Rampage  .   (gloves unavailable)
Will    ++++.      Archmagi +   (boots unavailable)
Stlth   ++++++++++ Clarity  +   B - amulet of regeneration
HPRegen 1.07/turn               I - ring of Byupant {Wiz Str-4 Slay+5 SInv}
MPRegen 0.27/turn               p - ring of poison resistance

@: lightly drained, very quick
A: very small, no large weapons, unfitting armour, see invisible, speed 3,
clarity, noise suppression
}: 1/15 runes: serpentine
a: Renounce Religion, Potion Petition, Call Merchant, Bribe Branch


You were on level 3 of the Vaults.
You worshipped Gozag.
Gozag was most pleased with you.
You visited 7 branches of the dungeon, and saw 33 of its levels.
You also visited: Ice Cave.

You collected 14840 gold pieces.
You spent 4066 gold pieces at shops.
You paid 8686 gold pieces to Gozag.

Inventory:

Hand Weapons
 a - a +5 rapier of venom (weapon)
 T - a +1 dagger of distortion
Missiles
 F - 7 atropa-tipped darts (quivered)
 U - 6 curare-tipped darts
 V - 3 throwing nets
Armour
 b - a +2 robe of willpower
 j - the +0 cloak of Sophism {-Tele +Inv rElec Dex+4}
   (You found it on level 2 of the Snake Pit)

   Dex:       It affects your dexterity (+4).
   rElec:     It insulates you from electricity.
   +Inv:      It lets you turn invisible.
   -Tele:     It prevents most forms of teleportation.
 k - a +2 cloak of stealth (worn)
 w - the +1 robe of Heresy (worn) {Int+2 Dex+3 Slay-3 Archmagi}
   (You bought it in a shop on level 9 of the Dungeon)

   Int:       It affects your intelligence (+2).
   Dex:       It affects your dexterity (+3).
   Slay:      It affects your accuracy & damage with ranged weapons and melee
   (-3).
   Archmagi:  It increases the power of your magical spells.
 y - the +3 hat of Pondering (worn) {ponderous, Will+ MP+10 Int+5}
   (You bought it in a shop on level 4 of the Snake Pit)

   Int:       It affects your intelligence (+5).
   MP:        It affects your magic capacity (+10).
   Will:      It increases your willpower.
Magical Staves
 m - a staff of conjuration
 M - a staff of air
Jewellery
 f - a +6 ring of intelligence
 n - a +4 ring of evasion
 p - a ring of poison resistance (right hand)
 q - a ring of flight
 B - an amulet of regeneration (around neck)
 I - the ring of Byupant (left hand) {Wiz Str-4 Slay+5 SInv}
   (You bought it in a shop on level 1 of the Snake Pit)

   [ring of wizardry]

   It improves your spell success rate.
   Str:       It affects your strength (-4).
   Slay:      It affects your accuracy & damage with ranged weapons and melee
   (+5).
   SInv:      It lets you see invisible.
 K - a ring of protection from cold
 Q - the ring of Compassion {AC+4 Dex+4}
   (You took it off a naga on level 4 of the Snake Pit)

   [ring of protection]

   AC:        It affects your AC (+4).
   Dex:       It affects your dexterity (+4).
 S - an amulet of magic regeneration
Wands
 d - a wand of acid (6)
 l - a wand of iceblast (3)
 D - a wand of polymorph (20)
 L - a wand of paralysis (30)
 R - a wand of flame (45)
 X - a wand of mindburst (9)
 Y - a wand of digging (17)
Scrolls
 e - 20 scrolls of identify
 g - 5 scrolls of enchant weapon
 h - 3 scrolls of blinking
 i - 9 scrolls of teleportation
 x - 2 scrolls of enchant armour
 A - 3 scrolls of fear
 G - 2 scrolls of brand weapon
 H - 2 scrolls of poison
 N - 5 scrolls of magic mapping
 Z - 4 scrolls of fog
Potions
 c - 4 potions of invisibility
 o - 6 potions of brilliance
 r - 2 potions of mutation
 s - 2 potions of berserk rage
 u - 2 potions of flight
 v - 5 potions of curing
 z - 3 potions of haste
 E - 4 potions of ambrosia
 J - 6 potions of heal wounds
 O - 2 potions of resistance
 P - 4 potions of might
Miscellaneous
 t - a lightning rod (4/4)
 C - a phantom mirror
 W - a condenser vane


   Skills:
 + Level 11.7 Fighting
 - Level 10.0 Short Blades
 - Level 0.1(4.7) Long Blades
 + Level 1.5 Throwing
 + Level 0.2 Armour
 + Level 16.3 Dodging
 - Level 24.0 Stealth
 + Level 2.7 Shields
 + Level 0.2 Unarmed Combat
 - Level 7.0 Spellcasting
 - Level 4.7 Conjurations
 - Level 20.1 Hexes
 + Level 3.0 Translocations
 - Level 6.8 Transmutations
 - Level 3.3 Fire Magic
 * Level 11.6 Air Magic
 + Level 1.1 Earth Magic
 - Level 7.7 Poison Magic
 + Level 1.2 Invocations
 + Level 3.3 Evocations


You had 3 spell levels left.
You knew the following spells:

 Your Spells              Type           Power      Damage    Failure   Level
a - Ensorcelled Hibernat  Hex/Ice        100%       N/A       1%          2
b - Confusing Touch       Hex            100%       N/A       0%          3
c - Mephitic Cloud        Conj/Pois/Air  71%        N/A       1%          3
d - Ignite Poison         Fire/Tmut/Pois 61%        N/A       1%          3
e - Cause Fear            Hex            56%        N/A       0%          4
f - Enfeeble              Hex            56%        N/A       1%          7
g - Discord               Hex            56%        N/A       3%          8

Your spell library contained the following spells:

 Spells                   Type           Power      Damage    Failure   Level
 Tukima's Dance           Hex            100%       N/A       0%          3
 Magic Dart               Conj           100%       1d8       1%          1
 Sandblast                Erth           50%        2d12      1%          1
 Passwall                 Tmut/Erth      41%        N/A       1%          2
 Searing Ray              Conj           100%       2d8       1%          2
 Wereblood                Tmut           65%        N/A       1%          2
 Dazzling Flash           Conj/Hex       100%       N/A       1%          3
 Inner Flame              Hex/Fire       87%        N/A       1%          3
 Stone Arrow              Conj/Erth      80%        3d12      1%          3
 Sublimation of Blood     Necr           15%        N/A       3%          2
 Anguish                  Hex/Necr       40%        N/A       1%          4
 Fulminant Prism          Conj/Hex       44%        3d20      1%          4
 Metabolic Englaciation   Hex/Ice        40%        N/A       1%          5
 Summon Mana Viper        Hex/Summ       80%        N/A       1%          5
 Yara's Violent Unravell  Hex/Tmut       46%        3d18      1%          5
 Petrify                  Tmut/Erth      50%        N/A       4%          4
 Freezing Cloud           Conj/Ice/Air   29%        6-21      6%          5
 Iskenderun's Battlesphe  Conj           54%        2d10      9%          5
 Summon Ice Beast         Ice/Summ       15%        N/A       21%         4
 Summon Forest            Summ/Tloc      14%        N/A       28%         5
 Borgnjor's Vile Clutch   Necr/Erth      10%        N/A       41%         5
 Statue Form              Tmut/Erth      33%        N/A       50%         6
 Dispersal                Tloc           20%        N/A       63%         6
 Iron Shot                Conj/Erth      20%        9d5       65%         6
 Death Channel            Necr           7%         N/A       95%         6
 Summon Cactus Giant      Summ           7%         N/A       95%         6
 Spellforged Servitor     Conj/Summ      17%        N/A       99%         7
 Monstrous Menagerie      Summ           7%         N/A       100%        7
 Summon Hydra             Summ           7%         N/A       100%        7
 Disjunction              Tloc           20%        N/A       100%        8
 Animate Dead             Necr           Unusable   N/A       N/A         4

Dungeon Overview and Level Annotations

Branches:
Dungeon (15/15)            Temple (0/1) D:6            Lair (6/6) D:9
  Swamp (3/4) Lair:4        Snake (4/4) Lair:4        Slime (0/5) Lair:5
    Orc (2/2) D:12            Elf (0/3) Orc:2        Vaults (3/5) D:13
 Depths (1/4) D:15          IceCv (visited)
  Crypt: Vaults:2-3

Altars:
Ashenzari
Cheibriados
Dithmenos
Elyvilon
Fedhas
Gozag
Hepliaklqana
Okawaru
Qazlal
Ru
Sif Muna
Trog
Uskayaw
Vehumet
Xom
The Shining One
Beogh
Jiyva

Shops:
D:1 !   D:5 *   D:8 (   D:9 [(   D:10 ([:(*(   D:12 (   D:13 [   Orc:2 [*(=(
Lair:3 :   Lair:6 *   Snake:1 (*:(   Snake:4 *[   Vaults:1 :

Portals:
Trove: D:11 (give horn of Geryon)

Annotations:
Lair:5 2 transporters, exclusion: oklob plant, Fessel's ghost, journeyman OgBe
Lair:6 exclusion: oklob plant


Innate Abilities, Weirdness & Mutations

You are very small and have problems with some larger weapons.
You are too small for most types of armour.
You have supernaturally acute eyesight. (SInv)
You cover ground extremely quickly. (Speed+++)
You possess an exceptional clarity of mind.
You passively dampen the noise of your surroundings.


Message History

The tengu reaver completely misses you. The tengu reaver pecks you.
The tengu reaver claws you!
You puncture the tengu reaver!
The tengu reaver looks as sick as possible!
The tengu reaver is moderately wounded.
You puncture the tengu reaver!
The tengu reaver looks as sick as possible!
The tengu reaver is heavily wounded.
The tengu reaver hits you but does no damage.
The tengu reaver pecks you. The tengu reaver claws you.
Casting: Enfeeble (dangerous; 1% risk of failure)
Confirm with . or Enter, or press ? or * to list all spells.
Aiming: Ensorcelled Hibernation (safe; 1% risk of failure)
Press: ? - help, Shift-Dir - straight line, f - you That would be overly suicidal.
Okay, then.
The tengu reaver blocks your attack.
The tengu reaver is heavily wounded.
The tengu reaver casts a spell at you. The bolt of negative energy hits you!
You feel drained.
You puncture the tengu reaver!
The tengu reaver is severely wounded.
Unknown command.
You puncture the tengu reaver!
The tengu reaver looks as sick as possible!
The tengu reaver is almost dead.
The tengu reaver completely misses you.
The tengu reaver pecks you but does no damage.
The tengu reaver completely misses you. The tengu reaver blocks your attack.
The tengu reaver is almost dead.
The tengu reaver casts a spell at you. The bolt of lightning misses you.
The tengu reaver blocks your attack.
The tengu reaver is almost dead.
The tengu reaver casts a spell at you. The bolt of cold hits you!!!
Ouch! That really hurt!
You die...
Your body crumbles into a pile of gold.

#########
#.......###########
#.......#..........
#.......#..........
#.......#.Q####.####
#.......[@.#.$.....# .#
#.......#..#.Q$....#..#
#########..#..# p.#..#
#$...)# >....
#..#..###..#
.##..#$......#
.'..#.......# ##
.##..####.####..# #. ..
#.............# #.


You could see a tengu reaver (extremely poisoned).

Vanquished Creatures
  Boris (Vaults:3)
  Zenata (Vaults:1)
  2 quicksilver dragons (Snake:4)
  The ghost of Pelinal the Gelid, an adept MfIE of Ashenzari (Snake:4)
  3 nagarajas (Snake:4)
  6 vault wardens
  Aizul (Snake:4)
  2 orc warlords
  An ironbound preserver (Vaults:1)
  A very ugly thing (Vaults:1)
  2 stone giants
  6 ironbound thunderhulks
  3 eleionomae
  4 bunyips
  Snorg (Lair:4)
  Josephine (Orc:1)
  A great orb of eyes (Vaults:2)
  A rakshasa (D:15)
  3 yaktaur captains
  6 hydras
  2 salamander tyrants (Snake:4)
  3 vault guards
  A ghost crab (Swamp:1)
  2 boulder beetles
  2 ironbound frosthearts (Vaults:1)
  6 naga warriors
  4 anacondas
  7 alligators
  2 two-headed ogres
  2 centaur warriors
  A catoblepas (Lair:6)
  6 death yaks
  9 naga sharpshooters
  3 shock serpents
  4 orc high priests (Orc:2)
  Sonja (D:11)
  An iron troll (Depths:1)
  3 salamander mystics
  2 goliath frogs (Swamp:1)
  7 deep trolls
  4 lindwurms
  3 naga ritualists
  5 bog bodies
  6 orc knights
  2 wolf spiders (Lair:4)
  A will-o-the-wisp (Swamp:3)
  An oklob plant (Lair:3)
  Pikel (D:7)
  4 wizards
  14 ugly things
  5 cyclopes
  5 necromancers
  2 manticores
  5 ironbound convokers
  3 orc sorcerers (Orc:2)
  2 mana vipers
  13 salamanders
  A stone giant zombie (Vaults:2)
  16 elephants
  Joseph (D:10)
  7 vault sentinels
  8 naga magi
  21 black mambas
  3 guardian serpents
  A gargoyle (D:11)
  8 cane toads
  A torpor snail (Lair:6)
  A yaktaur zombie (Vaults:2)
  An ice statue (IceCv)
  Maggie (D:8)
  An anaconda simulacrum (IceCv)
  2 demonic crawlers (D:15)
  2 unseen horrors
  15 komodo dragons
  An unseen horror (shapeshifter) (D:14)
  A freezing wraith (IceCv)
  Psyche (D:10)
  3 rime drakes
  3 entropy weaver simulacra (IceCv)
  5 yaktaurs
  13 ice devils (IceCv)
  An elf skeleton (Vaults:2)
  6 polar bears
  9 trolls
  2 tyrant leeches (Swamp:2)
  7 hornets
  3 blink frogs (Lair:5)
  13 slime creatures
  7 dream sheep
  2 shadows
  13 spriggans
  2 wyverns
  55 yaks
  A dire elephant simulacrum (IceCv)
  An elf zombie (Vaults:2)
  6 wraiths
  4 basilisks
  17 humans (D:13)
  5 death yak simulacra (IceCv)
  Eustachio (D:5)
  9 vampire mosquitoes
  Menkaure (D:4)
  6 swamp worms
  3 harpy simulacra (IceCv)
  25 nagas
  17 water moccasins
  A warg (D:12)
  Duvessa (D:4)
  2 hell hounds (D:15)
  3 acid dragons
  37 orc warriors
  2 ice beasts
  3 black bears (Lair:6)
  3 swamp drakes (Swamp:1)
  4 boggarts (Lair:6)
  28 wolves
  6 ogres
  13 centaurs
  A phantom (D:6)
  A lemure (D:7)
  A human zombie (Vaults:2)
  14 bullfrogs
  2 kobold brigands
  A necrophage (D:6)
  8 scorpions
  A two-headed ogre simulacrum (IceCv)
  5 cane toad simulacra (IceCv)
  7 wights
  Dowan (D:4)
  36 killer bees
  5 elephant simulacra (IceCv)
  5 electric eels
  3 howler monkeys
  4 hounds
  4 jellies
  30 orc priests
  6 iguanas
  36 orc wizards
  3 hell rats
  A yak simulacrum (Lair:6)
  A troll simulacrum (IceCv)
  6 polar bear simulacra
  A spriggan simulacrum (IceCv)
  5 wolf simulacra
  4 gnolls (D:4)
  4 adders
  8 river rats (Lair:2)
  2 white imps
  2 ufetubi (IceCv)
  A dart slug (D:5)
  108 orcs
  7 endoplasms
  6 giant cockroaches
  11 goblins
  6 hobgoblins
  10 jackals
  13 kobolds
  3 quokkas
  6 ball pythons
  2 bats
  8 frilled lizards
  4 rats
  4 river rat simulacra (Lair:6)
1024 creatures vanquished.

Vanquished Creatures (collateral kills)
  2 nagarajas
  An orc warlord (Vaults:2)
  3 vault wardens
  10 ironbound preservers
  An ironbound thunderhulk (Vaults:3)
  2 yaktaur captains (Vaults:1)
  A boulder beetle (Vaults:1)
  3 salamander tyrants
  A vault guard (Vaults:1)
  4 anacondas
  3 naga warriors (Snake:4)
  An alligator (D:15)
  A catoblepas (D:15)
  A deep troll shaman (Depths:1)
  4 naga sharpshooters
  4 shock serpents
  2 salamander mystics (Snake:2)
  20 deep trolls
  4 naga ritualists
  2 lindwurms
  5 wizards
  6 orc knights (Vaults:2)
  4 ironbound convokers
  A harpy (Vaults:1)
  6 mana vipers
  10 salamanders
  8 ugly things
  5 guardian serpents
  9 naga magi
  10 black mambas
  3 vault sentinels
  A guardian serpent (shapeshifter) (Vaults:1)
  15 yaktaurs
  8 slime creatures
  A basilisk (D:15)
  20 nagas
  A wolf (D:15)
  2 scorpions (D:15)
  An iguana (D:15)
  A hell rat (D:15)
  3 river rats (D:15)
  2 orcs (D:15)
  A giant cockroach (D:15)
  2 jackals (D:15)
  2 frilled lizards (D:15)
  4 rats (D:15)
201 creatures vanquished.

Vanquished Creatures (others)
  A yaktaur captain (Vaults:2)
  An anaconda (Snake:2)
  A naga warrior (Snake:4)
  A deep troll shaman (Depths:1)
  A naga sharpshooter (Snake:3)
  A deep troll (Vaults:3)
  An ironbound convoker (Vaults:2)
  An orc knight (Vaults:2)
  A mana viper (Snake:4)
  3 ugly things (D:15)
  A guardian serpent (Snake:4)
  A naga mage (Snake:3)
  4 black mambas
  A slime creature (Vaults:1)
  5 nagas
  A river rat (D:15)
  3 jackals (D:15)
  2 rats (D:15)
  42 fungi
  65 plants
137 creatures vanquished.

Grand Total: 1362 creatures vanquished

Notes
Turn   | Place    | Note
-------+----------+-------------------------------------------
     0 | D:1      | Snicker the Spriggan Enchanter began the quest for the Orb.
     0 | D:1      | Reached XP level 1. HP: 9/9 MP: 5/5
   173 | D:1      | Reached XP level 2. HP: 8/13 MP: 6/6
   176 | D:1      | Learned a level 2 spell: Ensorcelled Hibernation
   468 | D:1      | Found Nuamm's Distillery.
   886 | D:1      | Found a faded altar of an unknown god.
  1152 | D:1      | Reached skill level 5 in Stealth
  1458 | D:2      | Reached XP level 3. HP: 11/16 MP: 0/8
  1794 | D:2      | Found a shadowy altar of Dithmenos.
  2319 | D:2      | Reached skill level 6 in Stealth
  2501 | D:2      | You fall into a shaft and drop 2 floors!
  2514 | D:4      | Noticed a scorpion
  2559 | D:5      | Entered Level 5 of the Dungeon
  2574 | D:5      | Reached XP level 4. HP: 6/21 MP: 2/9
  2864 | D:5      | Noticed Eustachio
  2896 | D:5      | Noticed a water moccasin
  3053 | D:6      | Noticed a necrophage
  3058 | D:6      | Killed a necrophage
  3059 | D:6      | Reached skill level 7 in Stealth
  3059 | D:6      | Reached XP level 5. HP: 24/24 MP: 10/10
  3066 | D:6      | Reached skill level 8 in Stealth
  3318 | D:6      | Noticed a water moccasin
  3320 | D:6      | Killed a water moccasin
  3321 | D:6      | Reached skill level 5 in Short Blades
  3321 | D:6      | Reached XP level 6. HP: 28/28 MP: 11/11
  3330 | D:6      | Learned a level 3 spell: Confusing Touch
  3334 | D:6      | Learned a level 3 spell: Mephitic Cloud
  3373 | D:5      | Found an opulent altar of Gozag.
  3373 | D:5      | Found Gozag's Platinum Reserve.
  3389 | D:5      | Became a worshipper of Gozag Ym Sagoz the Greedy
  3546 | D:4      | Noticed Menkaure
  3575 | D:4      | Killed Menkaure
  3576 | D:4      | Reached XP level 7. HP: 16/32 MP: 5/14
  4012 | D:4      | Noticed Dowan
  4014 | D:4      | Noticed Duvessa
  4035 | D:5      | Reached skill level 5 in Hexes
  4043 | D:6      | Found a bloodstained altar of Trog.
  4116 | D:6      | Found a broken altar of Ashenzari.
  4288 | D:7      | Reached skill level 5 in Spellcasting
  5138 | D:6      | Found a staircase to the Ecumenical Temple.
  5145 | D:6      | Reached XP level 8. HP: 36/36 MP: 14/17
  5213 | D:6      | Learned a level 3 spell: Ignite Poison
  5254 | D:6      | Found a shimmering altar of Xom.
  5254 | D:6      | Found a blossoming altar of Fedhas.
  5262 | D:6      | Found a stormy altar of Qazlal.
  5264 | D:6      | Found a shimmering blue altar of Sif Muna.
  5266 | D:6      | Found a hazy altar of Hepliaklqana.
  5736 | D:5      | Killed Eustachio
  5737 | D:5      | Reached skill level 1 in Fighting
  5925 | D:5      | Reached skill level 5 in Dodging
  6909 | D:5      | Reached XP level 9. HP: 44/44 MP: 15/18
  7004 | D:4      | Killed Duvessa
  7009 | D:4      | Killed Dowan
  7337 | D:4      | Learned a level 4 spell: Cause Fear
  7720 | D:4      | Found a glowing golden altar of the Shining One.
  8065 | D:6      | Reached skill level 9 in Stealth
  8282 | D:7      | Noticed Pikel
  8297 | D:7      | Killed Pikel
  8298 | D:7      | Reached skill level 10 in Stealth
  8761 | D:7      | Found a snail-covered altar of Cheibriados.
  8932 | D:8      | Reached skill level 11 in Stealth
  9352 | D:8      | Noticed Maggie
  9358 | D:8      | Killed Maggie
  9359 | D:8      | Reached skill level 12 in Stealth
  9359 | D:8      | Reached XP level 10. HP: 49/49 MP: 16/19
  9556 | D:8      | Noticed a +0 dagger
  9557 | D:8      | Found a hide-covered altar of Uskayaw.
  9557 | D:8      | Noticed a +0 hand axe
  9705 | D:8      | Bought a glowing short sword for 144 gold pieces
  9705 | D:8      | Bought a runed rapier for 168 gold pieces
  9948 | D:8      | Noticed a two-headed ogre
 10002 | D:8      | Killed a two-headed ogre
 10003 | D:8      | Reached skill level 5 in Fighting
 10003 | D:8      | Reached skill level 1 in Throwing
 10003 | D:8      | Reached skill level 1 in Evocations
 11129 | D:9      | Found a white marble altar of Elyvilon.
 12604 | D:9      | Reached XP level 11. HP: 58/58 MP: 16/22
 12771 | D:9      | Found Vaill's Antique Weapon Boutique.
 12787 | D:9      | Reached skill level 13 in Stealth
 12936 | D:9      | Found a sacrificial altar of Ru.
 12965 | D:9      | Found a staircase to the Lair.
 13506 | D:9      | Found the +18 shield of the Gong {rElec rN+ Will+ EV-5}
 13548 | D:10     | Entered Level 10 of the Dungeon
 13739 | D:10     | Found Pane's Antique Weapon Boutique.
 13749 | D:10     | Found Foaf Rut's Book Shoppe.
 14570 | D:10     | Found Eskellen's Assorted Antiques.
 14584 | D:10     | Found Jaod's Weapon Shop.
 14617 | D:10     | Noticed Joseph
 14624 | D:10     | Killed Joseph
 14625 | D:10     | Reached skill level 14 in Stealth
 14746 | D:10     | Noticed Psyche
 14747 | D:10     | Found Egriowuc's Antique Weapon Shoppe.
 14763 | D:10     | Killed Psyche
 15999 | D:11     | Noticed Sonja
 16004 | D:11     | Killed Sonja
 16091 | D:11     | Reached skill level 15 in Stealth
 17289 | D:11     | Found a portal to a secret trove of treasure.
 17487 | D:12     | Noticed a two-headed ogre
 17523 | D:11     | Killed a two-headed ogre
 17739 | D:12     | Noticed a brown ugly thing
 17746 | D:12     | Killed a brown ugly thing
 17747 | D:12     | Reached skill level 10 in Hexes
 17772 | D:12     | Found a staircase to the Orcish Mines.
 17790 | D:12     | Reached skill level 1 in Poison Magic
 17809 | D:12     | Noticed a seven-headed hydra
 17816 | D:12     | Killed a seven-headed hydra
 17817 | D:12     | Reached skill level 1 in Air Magic
 17817 | D:12     | Reached XP level 12. HP: 62/62 MP: 23/23
 17975 | D:12     | Reached skill level 10 in Dodging
 18484 | D:12     | Gained mutation: You possess an exceptional clarity of
                  | mind. [potion of mutation]
 18484 | D:12     | Gained mutation: You passively dampen the noise of your
                  | surroundings. [potion of mutation]
 18866 | Orc:1    | Entered Level 1 of the Orcish Mines
 18939 | D:12     | Reached skill level 1 in Transmutations
 19138 | D:13     | Reached skill level 10 in Short Blades
 19151 | D:13     | Reached skill level 1 in Conjurations
 20081 | D:13     | Found a gate to the Vaults.
 20081 | D:13     | Noticed a vault guard
 20081 | D:13     | Noticed a vault guard
 20131 | D:13     | Killed a vault guard
 20182 | D:13     | Killed a vault guard
 20500 | D:14     | Identified the +8 broad axe of Patterns {flame, rF- Str+5}
 20741 | D:14     | Reached skill level 1 in Fire Magic
 20759 | D:14     | Noticed a centaur warrior
 20769 | D:14     | Killed a centaur warrior
 20770 | D:14     | Reached XP level 13. HP: 43/66 MP: 24/24
 21650 | D:14     | Reached skill level 5 in Poison Magic
 22224 | Orc:1    | HP: 2/66 [orc priest/divine providence (14)]
 22229 | Orc:1    | Noticed Josephine
 22230 | Orc:1    | Killed Josephine
 22670 | Lair:1   | Entered Level 1 of the Lair of Beasts
 23000 | Lair:1   | Found an iron altar of Okawaru.
 23430 | Lair:2   | Reached skill level 5 in Transmutations
 25302 | Lair:3   | Found a radiant altar of Vehumet.
 25355 | Lair:3   | Reached skill level 5 in Air Magic
 25378 | Lair:3   | Identified the +1 scale mail of Okhlyod {Int+2}
 26422 | Lair:4   | Found a staircase to the Swamp.
 26451 | Lair:4   | Found a staircase to the Snake Pit.
 26452 | Lair:4   | Noticed Snorg
 26690 | Lair:4   | Learned a level 7 spell: Enfeeble
 26697 | Lair:4   | Found a frozen archway.
 26712 | IceCv    | Entered an ice cave
 28212 | IceCv    | Found an ancient bone altar of Kikubaaqudgha.
 28236 | IceCv    | Reached XP level 14. HP: 70/70 MP: 16/25
 29637 | IceCv    | Reached skill level 15 in Dodging
 31047 | Lair:4   | Killed Snorg
 31838 | Lair:5   | Reached skill level 16 in Stealth
 31984 | Lair:5   | Found a staircase to the Slime Pits.
 31985 | Lair:5   | Found a viscous altar of Jiyva.
 32074 | Lair:5   | Found a transporter.
 32085 | Lair:5   | Noticed Fessel's ghost (journeyman OgBe)
 32354 | Lair:5   | Found a transporter.
 32389 | Lair:5   | Upgraded the game from 0.29-a0-468-ge57f7f99b4 to
                  | 0.29-a0-472-ge5599a681e
 32745 | Lair:6   | Entered Level 6 of the Lair of Beasts
 32911 | Lair:6   | Reached skill level 17 in Stealth
 32969 | Lair:6   | Found the +10 Black Knight's barding {ponderous, rPois rN+}
 33095 | Lair:6   | Reached skill level 1 in Earth Magic
 33095 | Lair:6   | Reached skill level 1 in Invocations
 33096 | Lair:6   | Reached XP level 15. HP: 75/75 MP: 26/26
 33100 | Lair:6   | Reached XP level 16. HP: 80/80 MP: 27/27
 33420 | Lair:6   | Reached skill level 18 in Stealth
 34332 | Lair:6   | Bought a +6 ring of intelligence for 994 gold pieces
 35496 | Lair:6   | Reached skill level 19 in Stealth
 36170 | Lair:4   | Reached XP level 17. HP: 85/85 MP: 2/28
 38532 | Orc:2    | Entered Level 2 of the Orcish Mines
 38666 | Orc:2    | Found a staircase to the Elven Halls.
 39191 | Orc:2    | Learned a level 8 spell: Discord
 39663 | Orc:2    | Reached skill level 20 in Stealth
 39769 | Orc:2    | Found Lyirhual's Antique Armour Boutique.
 39769 | Orc:2    | Found Qughum's Antique Weapon Boutique.
 39901 | Orc:2    | Found Guq Mac's General Store.
 39914 | Orc:2    | Found Maso's Jewellery Shop.
 40365 | Orc:2    | Found Vaebiuk's Antique Weapon Boutique.
 40839 | D:15     | Entered Level 15 of the Dungeon
 40972 | Orc:2    | Bought a ring of poison resistance for 240 gold pieces
 41280 | Swamp:1  | Entered Level 1 of the Swamp
 42099 | Swamp:2  | Reached skill level 15 in Hexes
 42296 | Swamp:1  | You fall into a shaft and drop 1 floor!
 44429 | Snake:1  | Entered Level 1 of the Snake Pit
 44447 | Snake:1  | Found Taenirakh's Antique Weapon Emporium.
 44447 | Snake:1  | Found Turchausa's Weapon Shoppe.
 44448 | Snake:1  | Found Ruin's Book Emporium.
 44450 | Snake:1  | Found Foanicem's Assorted Antiques.
 44493 | Snake:1  | Bought a scorched amber ring for 180 gold pieces
 44493 | Snake:1  | Identified the ring of Byupant {Wiz Str-4 Slay+5 SInv} (You
                  | bought it in a shop on level 1 of the Snake Pit)
 45505 | Snake:1  | You fall into a shaft and drop 1 floor!
 45615 | Snake:1  | Identified the +2 war axe "Imp's Undoing" {elec, Str+3}
 46802 | Snake:2  | Identified the +0 cloak of Sophism {-Tele +Inv rElec Dex+4}
 47438 | Snake:2  | Reached XP level 18. HP: 92/92 MP: 20/29
 47851 | Snake:3  | Found a sacrificial altar of Ru.
 49240 | Snake:4  | Entered Level 4 of the Snake Pit
 49812 | Snake:4  | Found a runed translucent gate.
 49812 | Snake:4  | Found a runed translucent gate.
 49813 | Snake:4  | Found a runed translucent gate.
 49818 | Snake:4  | Noticed Pelinal's ghost (adept MfIE)
 50194 | Snake:4  | Found Semar's CLEARANCE SALE!.
 50265 | Snake:4  | Bought a scroll of acquirement for 208 gold pieces
 50265 | Snake:4  | Acquired 759 gold pieces
 50338 | Snake:4  | Bought the +3 hat of Pondering {ponderous, Will+ MP+10
                  | Int+5} for 1257 gold pieces
 50338 | Snake:4  | Found the +3 hat of Pondering {ponderous, Will+ MP+10
                  | Int+5}
 50483 | Snake:4  | Identified the ring of Compassion {AC+4 Dex+4}
 50697 | Snake:4  | Killed Pelinal's ghost
 50988 | Snake:4  | Reached skill level 21 in Stealth
 51029 | Snake:4  | Reached skill level 10 in Fighting
 51857 | Snake:4  | Noticed Aizul
 51875 | Snake:4  | Killed Aizul
 52197 | Snake:4  | Reached skill level 22 in Stealth
 53668 | Snake:4  | Got a serpentine rune of Zot
 54441 | Vaults:1 | Entered Level 1 of the Vaults
 55092 | D:15     | Found a staircase to the Depths.
 55111 | D:15     | Reached skill level 23 in Stealth
 56634 | Depths:1 | Entered Level 1 of the Depths
 57243 | D:9      | Bought a +2 cloak of stealth for 408 gold pieces
 57251 | D:9      | Bought the +1 robe of Heresy {Int+2 Dex+3 Slay-3 Archmagi}
                  | for 467 gold pieces
 57414 | Vaults:1 | Reached XP level 19. HP: 89/98 MP: 30/30
 57559 | Vaults:1 | Reached skill level 24 in Stealth
 59227 | Vaults:1 | Noticed Zenata
 59241 | Vaults:1 | Killed Zenata
 59314 | Vaults:1 | Found Ligupsec's Book Boutique.
 60042 | Vaults:2 | Reached skill level 10 in Air Magic
 62271 | Vaults:3 | Reached XP level 20. HP: 98/105 MP: 26/31
 62314 | Vaults:3 | Noticed Boris
 62328 | Vaults:3 | Killed Boris
 62387 | Vaults:3 | Killed from afar by a tengu reaver

Illustrated notes

Levels and vault maps discovered:
D:1:      dpeg_arrival_tiny_c, layout_loops_corners, serial_shops,
          nicolae_shop_hallway_stairs, shapermc_ecumenical_altar_totnotflames,
          minmay_crystal_water
D:2:      layout_basic, basic_altar
D:4:      layout_loops_ring, tso_altar, uniq_duvessa, uniq_menkaure
D:5:      layout_cave_pools, nicolae_gozag_zags_fifth_avenue, uniq_eustachio
D:6:      layout_basic, mainiacjoe_overflow_alcove_1,
          nicolae_ashenzari_skybound, chequers_temple_overflow_minitemple,
          minmay_temple_entry_grid
D:7:      layout_rooms, lemuel_coloured_pillars_altar, enter_bailey_5,
          uniq_pikel
D:8:      layout_loops_ring, dancing_weapons_uskayaw, minmay_statues_item,
          uniq_maggie
D:9:      corexii_shack_village, layout_rooms, general_overflow_altar,
          nicolae_ru_great_annihilating_truth, dpeg_oklobed_lair, serial_shops,
          nicolae_take_the_stairs, hellmonk_guarded_unrand_gong
D:10:     layout_stronghold, serial_shops, shop_statue, shop,
          nicolae_shop_waterfront, nicolae_shop_crystal, shop, uniq_joseph,
          uniq_psyche
D:11:     layout_stronghold, enter_trove_0, uniq_sonja
D:12:     layout_basic, minmay_orc_entry_temple_small
D:13:     layout_rooms, grunt_vaults_entry_tiered
D:14:     layout_loops_corners, chequers_serial_rivers_micro_b
D:15:     grunt_enter_depths_giant_problem, layout_loops_cross,
          hangedman_parallel_progression
Lair:1:   layout_chaotic_city, basic_altar
Lair:2:   layout_hall_layers, kennysheep_rathole
Lair:3:   layout_loops_ring, lemuel_oklob_altar
Lair:4:   layout_concentric_octagons, swamp_mist_pool,
          guppyfry_snake_entry_garden, serial_rivers,
          chequers_serial_rivers_large_a, chequers_serial_rivers_large_b,
          chequers_serial_rivers_marsh, chequers_serial_rivers_marsh,
          chequers_serial_rivers_marsh, lightli_volcano_entry_magma_tube,
          portal_ice_cave_rime, nicolae_lair_run_with_the_wolves, uniq_snorg
Lair:5:   wad_woods_pond, layout_gridlike, slime_altar_1,
          gammafunk_ghost_berserking_beasts
Lair:6:   minmay_lair_end_enchanted_forest, layout_gridlike,
          eino_house_with_fridge
Swamp:1:  layout_basic_swamp, nicolae_swamp_ascending_descending
Swamp:2:  layout_basic_swamp, serial_swamp_ruin, hangedman_swamp_ruin_hall,
          evilmike_swamp_ruin_rubble_1, evilmike_swamp_ruin_house_4
Swamp:3:  layout_basic_swamp, basic_altar, uniq_mara
Snake:1:  layout_layer_cave, serial_bayou_ford_a, minmay_shoptagon,
          lemuel_fruit_tree
Snake:2:  layout_basic
Snake:3:  layout_cave_shapes, basic_altar
Snake:4:  hellmonk_snake_rune_quicksilver_temple, layout_misc_corridors,
          gammafunk_ghost_split, nicolae_shop_clearance, uniq_aizul
Orc:1:    layout_diamond_mine, serial_shops, uniq_josephine
Orc:2:    st_orc_congregation, layout_caves, serial_shops, shop,
          nicolae_orc_stony_grotto
Vaults:1: portal_desolation_entry_nicolae_slug, v_misc_10, v_alt_pattern_2,
          nicolae_vaults_display_case, v_pattern_1, grunt_vaults_twisty,
          hangedman_vaults_stream, grunt_vaults_diagonal,
          vaults_room_grunt_arrival_ludios, nicolae_vaults_little_squares_1,
          nicolae_vaults_rhombus_6, vaults_room_stairs_pillars,
          layout_vaults_big_room, serial_shops, nicolae_shop_crystal,
          uniq_zenata
Vaults:2: hangedman_vaults_impose, vaults_room_fours,
          nicolae_vaults_three_branches, vaults_room_stairs_pillars,
          vaults_room_pool, v_misc_3, grunt_vaults_funnel,
          ontoclasm_vaults_twist, grunt_vaults_trifunnel, v_misc_12,
          nicolae_vaults_specimen_jars, layout_vaults_maze_snakey
Vaults:3: v_misc_16, st_diamondy, hangedman_vaults_variations, v_alt_pattern_4,
          vaults_room_grid, nicolae_vaults_network_periphery, v_misc_24,
          v_misc_1, nicolae_vaults_big_ls, nicolae_vaults_network_star,
          vaults_mumra_hex, nicolae_vaults_shelves_hall, vaults_room_pools,
          nicolae_vaults_little_ls, layout_vaults_ring, serial_shops,
          shop_fountains, uniq_boris
Depths:1: layout_gridlike, enter_ziggurat_c, minmay_misc_feat_ornament,
          hangedman_tar_grid_catacomb, kennysheep_nub, grunt_ministairs_13,
          kennysheep_generic_room_13

Skill      XL: |  1  2  3  4  5  6  7  8  9 10 11 12 13 14 15 16 17 18 19 |
---------------+----------------------------------------------------------+-----
Stealth        | 5 6 7 8 12 15 17 19 20 23 24 | 24.0
Short Blades   | 2 5 7 8 9 10 | 10.0
Spellcasting   | 4 5 7 |  7.0
Hexes          | 4 7 8 10 11 12 13 18 20 | 20.1
Dodging        | 7 8 9 12 14 15 16 | 16.3
Fighting       | 3 6 7 9 10 11 | 11.7
Throwing       | 1 |  1.5
Evocations     | 1 2 3 |  3.3
Poison Magic   | 1 4 6 7 |  7.7
Air Magic      | 1 3 5 7 11 | 11.6
Transmutations | 4 6 |  6.8
Conjurations   | 2 4 |  4.7
Fire Magic     | 1 2 3 |  3.3
Translocations | 3 |  3.0
Earth Magic    | 1 |  1.1
Invocations    | 1 |  1.2
Shields        | 2 |  2.7
Long Blades    | |  0.1
Armour         | |  0.2
Unarmed Combat | |  0.2

Action                   |  1- 3 |  4- 6 |  7- 9 | 10-12 | 13-15 | 16-18 | 19-21 || total
-------------------------+-------+-------+-------+-------+-------+-------+-------++-------
Melee: Dagger            |    88 |    21 |    34 |       |       |       |       ||   143
       Punch             |     1 |       |     1 |     6 |     7 |     8 |     2 ||    25
       Rapier            |       |       |   135 |   394 |   405 |   956 |   152 ||  2042
Throw: Dart              |       |       |     1 |     2 |       |       |       ||     3
 Cast: Ensorcelled Hiber |    25 |    11 |   101 |   186 |   139 |   319 |    51 ||   832
       Confusing Touch   |       |     1 |     7 |    15 |    10 |    18 |       ||    51
       Mephitic Cloud    |       |       |     2 |    14 |    59 |    14 |       ||    89
       Cause Fear        |       |       |       |     1 |     1 |       |       ||     2
       Ignite Poison     |       |       |       |     7 |    47 |    14 |       ||    68
       Enfeeble          |       |       |       |       |       |    76 |     8 ||    84
       Discord           |       |       |       |       |       |    33 |    19 ||    52
Invok: Call Merchant     |       |       |       |     3 |     2 |     3 |       ||     8
Evoke: Wand              |       |       |     1 |       |     3 |     7 |       ||    11
  Use: Potion            |     1 |       |     2 |    12 |     5 |     2 |     1 ||    23
       Scroll            |       |       |     2 |    11 |     7 |     6 |       ||    26
 Stab: Sleeping          |    29 |    11 |    64 |    98 |    85 |   234 |    50 ||   571
       Confused          |       |     1 |     5 |    16 |    21 |    20 |       ||    63
       Distracted        |       |       |       |     2 |     2 |    18 |     3 ||    25
       Paralysed         |       |       |       |       |     3 |       |       ||     3
       Invisible         |       |       |       |       |       |    54 |    13 ||    67
       Petrified         |       |       |       |       |       |     1 |       ||     1
Armor: Robe              |     4 |     1 |    13 |    24 |    28 |    64 |    11 ||   145
Dodge: Dodged            |    62 |    20 |   143 |   395 |   388 |   931 |    94 ||  2033

Table legend: (Time is in decaauts)
 A = Elapsed time spent in this place.
 B = Non-inter-level travel time spent in this place.
 C = Inter-level travel time spent in this place.
 D = Time resting spent in this place.
 E = Time spent auto-exploring this place.
 F = Levels seen in this place.
 G = Mean time per level.
                   A        B        C        D        E       F      G
               +--------+--------+--------+--------+--------+-----+--------+
         Total |  51008 |  48762 |   2246 |  20571 |  18731 |  34 | 1500.2 |
       Dungeon |  21633 |  20505 |   1128 |   8135 |   9049 |  14 | 1545.2 |
          Lair |   9065 |   8349 |    716 |   2316 |   3905 |   6 | 1510.8 |
         Swamp |   2785 |   2767 |     18 |   1872 |    418 |   3 |  928.3 |
     Snake Pit |   7597 |   7465 |    132 |   3406 |   2648 |   4 | 1899.2 |
  Orcish Mines |   2237 |   2046 |    191 |    387 |    799 |   2 | 1118.5 |
        Vaults |   4328 |   4272 |     56 |   1800 |   1668 |   3 | 1442.7 |
        Depths |     25 |     22 |      3 |      0 |      0 |   1 |   25.0 |
      Ice Cave |   3335 |   3335 |      0 |   2653 |    243 |   1 | 3335.0 |
               +--------+--------+--------+--------+--------+-----+--------+

Top non-repeatable levels by time:
 Snake:4: 4067 daAuts
   IceCv: 3335 daAuts
     D:8: 3055 daAuts
    D:12: 2355 daAuts
    D:15: 2268 daAuts
     D:6: 2262 daAuts
  Lair:6: 2216 daAuts
Vaults:1: 2161 daAuts
  Lair:4: 2094 daAuts
    D:10: 2023 daAuts
 Swamp:1: 1732 daAuts
  Lair:5: 1706 daAuts
Vaults:2: 1601 daAuts
    D:11: 1450 daAuts
 Snake:1: 1407 daAuts
